 Dungeon Crawl Stone Soup version 0.30.1-9-gdf580d7c3d (webtiles) character file.

Game seed: 6489384371257226126

186 Peloso the Covered (level 5, 0/47 HPs)
             Began as a Minotaur Fighter on Oct 3, 2023.
             Killed by divine providence
             ... invoked by an orc priest
              (11 damage)
             ... on level 4 of the Dungeon.
             The game lasted 00:05:12 (2326 turns).

Peloso the Covered (Minotaur Fighter)               Turns: 2326, Time: 00:05:13

Health: 0/47       AC:  7    Str: 20    XL:     5   Next: 38%
Magic:  4/4        EV:  9    Int:  5    God:
Gold:   171        SH:  0    Dex: 12    Spells: 4/4 levels left

rFire   . . .        a - +0 long sword
rCold   . . .        c - +0 buckler
rNeg    . . .        b - +0 scale mail
rPois   .            (helmet restricted)
rElec   .            (no cloak)
rCorr   .            (no gloves)
SInv    .            (no boots)
Will    .....        (no amulet) Stlth
                     (no ring)
HPRegen 0.27/turn    (no ring)
MPRegen 0.09/turn

%: no passive effects
@: confused, ambrosia-drunk
A: horns 2, retaliatory headbutt
a: no special abilities


You were on level 4 of the Dungeon.
You visited 1 branch of the dungeon, and saw 4 of its levels.

You collected 171 gold pieces.

Inventory:

Hand Weapons
 a - a +0 long sword (weapon)
Armour
 b - a +0 scale mail (worn)
 c - a +0 buckler (worn)
Jewellery
 q - a +5 ring of evasion
Scrolls
 e - 5 scrolls of poison
 f - a scroll of magic mapping {unknown}
 g - a scroll of enchant armour {unknown}
 h - 3 scrolls of teleportation
 j - a scroll of brand weapon {unknown}
 l - a scroll of noise {unknown}
 n - a scroll of identify {unknown}
 o - a scroll of fear {unknown}
 p - a scroll of blinking
Potions
 d - a potion of might
 k - a potion of magic {unknown}
 r - a potion of brilliance {unknown}
 s - a potion of flight {unknown}


   Skills:
 + Level 4.5 Fighting
 + Level 4.3 Long Blades
 + Level 5.1 Armour
 + Level 0.3 Dodging
 + Level 0.2 Stealth
 + Level 4.3 Shields


You had 4 spell levels left.
You didn't know any spells.
Your spell library contained the following spells:

 Spells                   Type           Power      Damage    Failure   Level
 Lesser Beckoning         Tloc           0%         N/A       95%         2
 Gell's Gravitas          Tloc           0%         N/A       99%         3
 Teleport Other           Tloc           0%         N/A       99%         3


Dungeon Overview and Level Annotations

Branches:
Dungeon (4/15)
 Temple: D:4-7

Altars:
Fedhas
Ru
Wu Jian


Innate Abilities, Weirdness & Mutations

You have a pair of horns on your head.
You reflexively headbutt those who attack you in melee.


Message History

You block the adder's attack.
You closely miss the adder. Your headbutt misses the adder.
The adder closely misses you. The adder bites you.
You are poisoned.
The adder poisons you!
You hit the adder but do no damage.
You feel sick. The adder bites you but does no damage.
You closely miss the adder. You headbutt the adder.
The adder is moderately wounded.
You feel sick. The adder bites you but does no damage.
The adder barely misses you.
You barely miss the adder.
The adder is moderately wounded.
You feel sick.
You are no longer poisoned.
The adder bites you but does no damage. The adder bites you.
You are poisoned.
The adder poisons you!
You hit the adder.
The adder is severely wounded.
You feel sick. The adder barely misses you.
You barely miss the adder.
The adder is severely wounded.
You feel sick. The adder barely misses you. You furiously retaliate!
You headbutt the adder!
You kill the adder!
The orc priest mumbles some strange prayers to Beogh against you.
Pain shoots through your body!
* * * LOW HITPOINT WARNING * * *
You are confused.
You feel invigorated.
You feel sick.
Unknown command.
You bump into the rock wall.
You feel sick.
You are no longer poisoned.
The orc priest barely misses you.
Unknown command.
You closely miss the orc priest.
The orc priest mumbles some strange prayers to Beogh against you.
Beogh smites you!
You die...

#).......# ♣..♣♣
#..)###..###...♣
##.#..#.....#.##
#.#..#.......#
#.#.<#.....###
#.##.#.##### #....#.#
#
######.###########...o
#...†.@o.......^.
############.#..o


You could see an orc priest.

Vanquished Creatures
  A hound (D:4)
  2 orc wizards (D:4)
  3 adders
  3 dart slugs
  7 orcs (D:4)
  4 bats
  6 endoplasms
  5 giant cockroaches
  3 goblins
  7 hobgoblins
  5 kobolds
  4 quokkas
  3 ball pythons
  6 frilled lizards
  6 rats
65 creatures vanquished.

Notes
Turn   | Place    | Note
-------+----------+-------------------------------------------
     0 | D:1      | Peloso the Minotaur Fighter began the quest for the Orb.
     0 | D:1      | Reached XP level 1. HP: 19/19 MP: 0/0
   111 | D:1      | Reached XP level 2. HP: 20/27 MP: 1/1
   191 | D:1      | Found a faded altar of an unknown god.
   581 | D:1      | Reached skill level 4 in Armour
   804 | D:1      | Reached XP level 3. HP: 33/33 MP: 2/2
  1914 | D:3      | Found a sacrificial altar of Ru.
  1952 | D:3      | Reached XP level 4. HP: 40/40 MP: 3/3
  2097 | D:3      | Found an ornate altar of the Wu Jian Council.
  2253 | D:4      | Found a blossoming altar of Fedhas.
  2297 | D:4      | Reached skill level 5 in Armour
  2297 | D:4      | Reached XP level 5. HP: 40/47 MP: 4/4
  2326 | D:4      | Killed from afar by an orc priest

Illustrated notes

Levels and vault maps discovered:
D:1:      elethiomel_arrival_shortcut, layout_basic, basic_ecumenical_altar
D:2:      layout_basic, minmay_misc_feat_doors
D:3:      layout_rooms, lemuel_crystal_altar, mainiacjoe_overflow_chevrons,
          minmay_cupped
D:4:      layout_basic, fedhas_altar_4, serial_shops,
          nicolae_shop_industrial_runoff, solitary_fountain, uniq_pikel

Skill      XL: |  1  2  3  4  5 |
---------------+----------------+-----
Shields        | 4 |  4.3
Fighting       | 4 |  4.5
Armour         | 4 5 |  5.1
Long Blades    | 3 4 |  4.3
Dodging        | |  0.3
Stealth        | |  0.2

Action                     |  1- 3 |  4- 6 || total
---------------------------+-------+-------++-------
  Melee: Long sword        |   100 |    60 ||   160
         Headbutt          |     6 |     5 ||    11
    Use: Potion            |     4 |     1 ||     5
         Scroll            |     1 |     3 ||     4
 Armour: Scale mail        |    54 |    21 ||    75
  Dodge: Dodged            |    49 |    21 ||    70
  Block: Buckler           |    21 |    13 ||    34
